 Dungeon Crawl Stone Soup version 0.29.1-2-gbd0b4ee654 (webtiles) character file.

Game seed: 9575499779932237790

576 Descartes the Sneak (level 7, -5/32 HPs)
             Began as a Spriggan Air Elementalist on Nov 13, 2022.
             Was an Initiate of Jiyva.
             Slain by Prince Ribbit (8 damage)
             ... on level 4 of the Dungeon.
             The game lasted 00:18:28 (6323 turns).

Descartes the Sneak (Spriggan Air Elementalist)     Turns: 6323, Time: 00:18:29

Health: -5/32      AC:  2    Str:  4    XL:     7   Next: 13%
Magic:  11/14      EV: 18    Int: 19    God:    Jiyva [......]
Gold:   375        SH:  0    Dex: 15    Spells: 13/14 levels left

rFire   + + .      SeeInvis +   y - +1 hand axe of Indomitability {vorpal, rF++}
rCold   . . .      Faith    .   (no shield)
rNeg    . . .      Spirit   .   a - +0 robe
rPois   .          Reflect  .   (helmet restricted)
rElec   .          Harm     .   (no cloak)
rCorr   .          Rampage  .   (gloves unavailable)
Will    +....                   (boots unavailable)
Stlth   +++.......              (no amulet)
HPRegen 0.10/turn               (no ring)
MPRegen 0.14/turn               (no ring)

@: very quick
A: very small, no large weapons, unfitting armour, see invisible, speed 3
a: Renounce Religion


You were on level 4 of the Dungeon.
You worshipped Jiyva.
Jiyva was noncommittal.
You visited 2 branches of the dungeon, and saw 6 of its levels.
You also visited: Sewer.

You collected 450 gold pieces.
You paid 75 gold pieces to Gozag.

Inventory:

Hand Weapons
 c - a +0 sling
 v - a +0 short sword
 y - the +1 hand axe of Indomitability (weapon) {vorpal, rF++}
   (You found it on level 4 of the Dungeon)

   It inflicts extra damage upon your enemies.
   rF:        It greatly protects you from fire.
Armour
 a - a +0 robe (worn)
Jewellery
 n - a ring of fire
 q - a ring of positive energy
 u - a ring of flight
Scrolls
 d - 2 scrolls of poison {unknown}
 e - a scroll of noise {unknown}
 f - 2 scrolls of butterflies {unknown}
 g - 9 scrolls of identify {unknown}
 j - 3 scrolls of teleportation {unknown}
 l - a scroll of enchant weapon {unknown}
 p - a scroll of magic mapping {unknown}
 r - a scroll of fear {unknown}
 s - 2 scrolls of brand weapon {unknown}
 t - a scroll of vulnerability {unknown}
 x - a scroll of amnesia {unknown}
 B - a scroll of torment {unknown}
Potions
 b - 3 potions of magic
 h - 6 potions of heal wounds
 i - a potion of attraction {unknown}
 k - a potion of degeneration {unknown}
 m - a potion of brilliance {unknown}
 o - a potion of resistance {unknown}
 w - a potion of mutation {unknown}
 z - a potion of berserk rage {unknown}
 A - a potion of might {unknown}


   Skills:
 + Level 4.4 Dodging
 + Level 4.9 Stealth
 + Level 4.1 Spellcasting
 * Level 2.8 Conjurations
 * Level 4.3 Air Magic
 * Level 2.4 Earth Magic


You had 13 spell levels left.
You knew the following spells:

 Your Spells              Type           Power      Damage    Failure   Level
a - Shock                 Conj/Air       68%        1d7       3%          1

Your spell library contained the following spells:

 Spells                   Type           Power      Damage    Failure   Level
 Static Discharge         Conj/Air       17%        3-6/arc   4%          2
 Swiftness                Air            20%        N/A       7%          3
 Foxfire                  Conj/Fire      36%        2x1d5     8%          1
 Poisonous Vapours        Pois/Air       24%        N/A       9%          2
 Passwall                 Tmut/Erth      6%         N/A       13%         2
 Freeze                   Ice            12%        1d4       14%         1
 Sting                    Tmut/Pois      12%        1d3       14%         1
 Ensorcelled Hibernation  Hex/Ice        6%         N/A       21%         2
 Conjure Flame            Conj/Fire      9%         6-21      22%         3
 Airstrike                Air            10%        2d(2-18)  22%         4
 Call Canine Familiar     Summ           3%         N/A       38%         3
 Frozen Ramparts          Ice            6%         1d1       38%         3
 Inner Flame              Hex/Fire       3%         N/A       38%         3
 Portal Projectile        Hex/Tloc       6%         N/A       38%         3
 Flame Wave               Conj/Fire      9%         2d6       58%         4
 Hailstorm                Conj/Ice       9%         3d4       58%         4
 Leda's Liquefaction      Hex/Erth       4%         N/A       63%         4
 Olgreb's Toxic Radiance  Pois           3%         N/A       80%         4


Dungeon Overview and Level Annotations

Branches:
Dungeon (5/15)             Temple (1/1) D:4           Sewer (visited)

Altars:
Cheibriados
Elyvilon
Gozag
Trog
Vehumet
The Shining One

Annotations:
D:4 Prince Ribbit


Innate Abilities, Weirdness & Mutations

You are very small and have problems with some larger weapons.
You are too small for most types of armour.
You have supernaturally acute eyesight. (SInv)
You cover ground extremely quickly. (Speed+++)


Message History

Prince Ribbit is nearby!
Casting: Shock (safe; 3% risk of failure)
Confirm with . or Enter, or press ? or * to list all spells.
Aiming: Shock (safe; 3% risk of failure)
Press: ? - help, Shift-Dir - straight line, f/p - Prince Ribbit
Aim: Prince Ribbit (lightly wounded, 50% to hit)
The zap hits Prince Ribbit.
Prince Ribbit is moderately wounded.
The zap hits Prince Ribbit.
Prince Ribbit is moderately wounded.
Casting: Shock (safe; 3% risk of failure)
Confirm with . or Enter, or press ? or * to list all spells.
Aiming: Shock (safe; 3% risk of failure)
Press: ? - help, Shift-Dir - straight line, f/p - Prince Ribbit
Aim: Prince Ribbit (moderately wounded, 50% to hit)
The zap misses Prince Ribbit.
Casting: Shock (safe; 3% risk of failure)
Confirm with . or Enter, or press ? or * to list all spells.
Aiming: Shock (safe; 3% risk of failure)
Press: ? - help, Shift-Dir - straight line, f/p - Prince Ribbit
Aim: Prince Ribbit (moderately wounded, 50% to hit)
The zap hits Prince Ribbit.
Prince Ribbit is moderately wounded.
Prince Ribbit croaks regally.
Prince Ribbit blinks!
There is an open door here.
Prince Ribbit blinks!
Prince Ribbit hits you.
* * * LOW HITPOINT WARNING * * *
What are your orders? t - Shout!
Orders for allies: a - Attack new target. p - Attack previous target. r - Retreat! s - Stop attacking. g - Guard the area. f - Follow me.
Anything else - Cancel.
Gang up on whom?
Press: ? - help, Dir - move target, f/p - Prince Ribbit
Aim: Prince Ribbit (moderately wounded) Attack!
Prince Ribbit hits you!
You die...

.......#.#.##########.....#.#....
.....#.#.#.##......###....#.#####
.......#.#.##......####.###......
#......#.#..............# #######
...........##......##############
.....#.....##....................
...........##.J..................
##.........##.......#.######.....
..)........##...@..............#[
###........##...F..##.#..........
#........'.J......#.##.#.....#.
#........##.......#.#....#.....
#....#.#.#..#.J.#.#.######.#...
#....#.#.#..###.#.#............
#.#..#.#.#......#.########.....
#.##.#.#.##.#...........####...
#.##.#.#....#.###.#............


You could see Prince Ribbit and 3 neutral jellies (fellow slime).

Vanquished Creatures
  A phantom (D:4)
  4 jellies
  2 hounds
  An orc wizard (D:4)
  12 adders
  4 gnolls (D:4)
  A river rat (Sewer)
  An ufetubus (D:4)
  3 worms
  3 dart slugs
  9 orcs
  10 ball pythons
  14 endoplasms
  5 giant cockroaches
  7 goblins
  8 hobgoblins
  5 kobolds
  5 quokkas
  9 bats
  7 frilled lizards
  12 rats
123 creatures vanquished.

Vanquished Creatures (others)
  33 plants
33 creatures vanquished.

Grand Total: 156 creatures vanquished

Notes
Turn   | Place    | Note
-------+----------+-------------------------------------------
     0 | D:1      | Descartes the Spriggan Air Elementalist began the quest for
                  | the Orb.
     0 | D:1      | Reached XP level 1. HP: 9/9 MP: 5/5
   167 | D:1      | Found a faded altar of an unknown god.
   394 | D:1      | Reached skill level 1 in Conjurations
   419 | D:1      | Reached XP level 2. HP: 13/13 MP: 4/6
  1276 | D:2      | Reached XP level 3. HP: 16/16 MP: 1/8
  2543 | D:3      | Reached XP level 4. HP: 21/21 MP: 2/9
  3383 | D:3      | Reached XP level 5. HP: 21/24 MP: 3/11
  3617 | D:4      | Reached skill level 1 in Earth Magic
  4403 | D:4      | Reached XP level 6. HP: 28/28 MP: 5/12
  4617 | D:4      | Found a staircase to the Ecumenical Temple.
  4627 | Temple   | Entered the Ecumenical Temple
  4709 | Temple   | Became a worshipper of Gozag Ym Sagoz the Greedy
  4767 | D:4      | Identified the +1 hand axe of Indomitability {vorpal, rF++}
  5168 | D:5      | Entered Level 5 of the Dungeon
  5175 | D:5      | Found a glowing drain.
  5176 | D:5      | Noticed Prince Ribbit
  5213 | Sewer    | Entered a sewer
  5770 | Sewer    | Reached XP level 7. HP: 32/32 MP: 9/14
  5812 | Sewer    | Found a viscous altar of Jiyva.
  5915 | Sewer    | Fell from the grace of Gozag
  5915 | Sewer    | Became a worshipper of Jiyva Jiobriwn the Shapeless
  6323 | D:4      | Slain by Prince Ribbit

Illustrated notes

Levels and vault maps discovered:
D:1:      dpeg_arrival_lava_temple_mockup, layout_basic,
          ebering_ecumenical_altar_mist
D:2:      layout_loops_ring, minmay_pentomino_r4
D:3:      layout_rooms, serial_bayou, serial_bayou_lagoon_a,
          serial_bayou_ford_a, serial_bayou_pond_b, serial_bayou_pond_d,
          st_stairs_7
D:4:      layout_basic, minmay_temple_entry_gardened_gates
D:5:      layout_basic, cheibrodos_sewer_entry_sluice, uniq_prince_ribbit1
Temple:   mainiacjoe_temple_cubbyholes

Skill      XL: |  1  2  3  4  5  6 |
---------------+-------------------+-----
Conjurations   | 1 2 |  2.8
Spellcasting   | 3 4 |  4.1
Air Magic      | 3 4 |  4.3
Dodging        | 3 4 |  4.4
Stealth        | 4 |  4.9
Earth Magic    | 1 2 |  2.4

Action                   |  1- 3 |  4- 6 |  7- 9 || total
-------------------------+-------+-------+-------++-------
Melee: Unarmed           |     1 |       |       ||     1
       Hand axe          |       |     2 |       ||     2
 Fire: Sling             |     9 |    12 |       ||    21
 Cast: Shock             |   108 |   197 |    25 ||   330
  Use: Potion            |       |     1 |       ||     1
Armor: Robe              |     3 |     3 |       ||     6
Dodge: Dodged            |    30 |    40 |     5 ||    75
